 Dungeon Crawl Stone Soup version 0.30-a0-1103-g25895a7845 (webtiles) character file.

Game seed: 798018775409510088

401 Jeffwins the Stinger (level 7, -8/45 (51) HPs)
             Began as a Human Wanderer on Apr 18, 2023.
             Mangled by a wight
             ... wielding a +2 trident of flaming
              (11 damage)
             ... on level 4 of the Dungeon.
             The game lasted 00:04:54 (2919 turns).

Jeffwins the Stinger (Human Wanderer)               Turns: 2919, Time: 00:04:55

HP:   -8/45 (51)    AC:  7    Str: 11    XL:     7   Next: 11%
MP:   7/9           EV: 11    Int: 14    God:
Gold: 40            SH:  0    Dex: 14    Spells: 6/9 levels left

rFire   . . .      SeeInvis .    a - +0 sling
rCold   . . .      Faith    .    (no shield)
rNeg    . . .      Spirit   .    d - +0 robe
rPois   .          Reflect  .    p - +0 helmet
rElec   .          Rampage  .    (no cloak)
rCorr   .                        e - +2 pair of gloves
Will    +....                    b - +0 pair of boots
Stlth   ++                       (no amulet)
HPRegen 0.27/turn                j - ring of willpower
MPRegen 0.11/turn                (no ring)

@: heavily drained
A: no striking features
a: no special abilities


You were on level 4 of the Dungeon.
You visited 1 branch of the dungeon, and saw 4 of its levels.

You collected 100 gold pieces.
You spent 60 gold pieces at shops.


   Skills:
 + Level 2.5 Fighting
 * Level 3.6 Ranged Weapons
 + Level 3.3 Stealth
 + Level 1.8 Spellcasting
 * Level 2.3 Air Magic
 * Level 5.7 Poison Magic
 + Level 1.0 Evocations


You had 6 spell levels left.
You knew the following spells:

 Your Spells              Type           Power      Damage    Failure   Level
p - Sting                 Tmut/Pois      36%        1d4       8%          1
z - Poisonous Vapours     Pois/Air       24%        N/A       7%          2

Your spell library contained the following spells:

 Spells                   Type           Power      Damage    Failure   Level
 Spider Form              Tmut/Pois      9%         N/A       22%         3
 Portal Projectile        Hex/Tloc       2%         N/A       58%         3
 Tukima's Dance           Hex            1%         N/A       58%         3
 Blade Hands              Tmut           0%         N/A       100%        5

Inventory:

Hand Weapons
 a - a +0 sling (weapon)
 m - a +3 scythe of freezing
Missiles
 o - 2 poisoned darts
Armour
 b - a +0 pair of boots (worn)
 d - a +0 robe (worn)
 e - a +2 pair of gloves (worn)
 p - a +0 helmet (worn)
Jewellery
 j - a ring of willpower (left hand)
Scrolls
 h - 4 scrolls of identify {@r1}
 k - a scroll of fog
Potions
 c - 3 potions of attraction {!q}
 f - a potion of might {unknown}
 i - 2 potions of heal wounds {unknown}
 l - a potion of curing {unknown}
 n - a potion of lignification {unknown}

Dungeon Overview and Level Annotations

Branches:
Dungeon (4/15)
 Temple: D:4-7

Altars:
Ru

Shops:
D:3 ?

Annotations:
D:3 1 runed translucent door, baller8008's ghost, amateur DECj

### ..#
▒▒▒▒▒.# ▒.▒
8.#
+▒+▒+▒+▒'▒▒▒.#
.......@..'..#
+▒+▒+▒'▒†▒▒▒##
▒z▒.▒ ▒▒▒▒▒


You could see a wight.


Message History

Fire: a) +0 sling
Press: ? - help, Q - select action, (/) - cycle Shift-Dir - straight line, f/p - wight
Aim: a wight, wielding a +2 trident of flaming and wearing a +0 robe (heavily damaged, 57% to hit)
You shoot a sling bullet.
The sling bullet barely misses the wight.
The wight barely misses you.
Fire: a) +0 sling
Press: ? - help, Q - select action, (/) - cycle Shift-Dir - straight line, f/p - wight
Aim: a wight, wielding a +2 trident of flaming and wearing a +0 robe (heavily damaged, 57% to hit)
You shoot a sling bullet.
The sling bullet hits the wight but does no damage.
The wight is heavily damaged.
The wight hits you from afar with a +2 trident of flaming.
* * * LOW HITPOINT WARNING * * *
You feel drained.
* * * LOW HITPOINT WARNING * * *
The wight burns you.
* * * LOW HITPOINT WARNING * * *
Unknown command.
Fire: a) +0 sling
Press: ? - help, Q - select action, (/) - cycle Shift-Dir - straight line, f/p - wight
Aim: a wight, wielding a +2 trident of flaming and wearing a +0 robe (heavily damaged, 57% to hit)
You shoot a sling bullet. The sling bullet hits the wight!
The wight is almost destroyed.
The wight hits you from afar with a +2 trident of flaming!
* * * LOW HITPOINT WARNING * * *
You feel drained. The wight burns you.
* * * LOW HITPOINT WARNING * * *
The wight hits you from afar with a +2 trident of flaming!
You die...

Skill      XL: |  1  2  3  4  5  6 |
---------------+-------------------+-----
Ranged Weapons | 2 3 |  3.6
Fighting       | 2 |  2.5
Air Magic      | 1 2 |  2.3
Stealth        | 3 |  3.3
Evocations     | 1 |  1.0
Spellcasting   | |  1.8
Poison Magic   | |  5.7

Action                     |  1- 3 |  4- 6 |  7- 9 || total
---------------------------+-------+-------+-------++-------
   Fire: Sling             |   117 |   123 |    14 ||   254
   Cast: Poisonous Vapours |     2 |    17 |       ||    19
         Sting             |       |       |     2 ||     2
  Evoke: Wand              |       |     3 |       ||     3
    Use: Scroll            |       |     1 |       ||     1
 Armour: Robe              |    47 |    44 |       ||    91
  Dodge: Dodged            |    60 |    47 |    10 ||   117

Levels and vault maps discovered:
D:1:      ldierk_walled_garden, layout_basic
D:2:      layout_basic, kennysheep_generic_room_16
D:3:      layout_loops_corners, nicolae_ru_great_annihilating_truth,
          serial_shops, nicolae_shop_real_fake_doors,
          dreamdust_ecumenical_altar_statues, gammafunk_ghost_grave, uniq_robin,
          uniq_sigmund, uniq_jessica
D:4:      layout_loops_corners, lemuel_mausoleum_altar_yredelemnul,
          ebering_ghost_gozag, serial_aquarium, aquarium_bridge_square
          [aquarium_subvault_bridge, aquarium_subvault_window,
          aquarium_subvault_window, aquarium_subvault_wall],
          aquarium_window_corridor_3, aquarium_window_1, aquarium_window_fake,
          aquarium_view_2c, aquarium_view_2g, aquarium_pool_2, uniq_edmund

Notes
Turn   | Place    | Note
-------+----------+-------------------------------------------
     0 | D:1      | Jeffwins the Human Wanderer began the quest for the Orb.
     0 | D:1      | Jeffwins set off with the following items: a +0 sling, a +0
                  | pair of gloves, a potion of attraction {!q}, a +0 robe; and
                  | the following spell memorised: Sting; and the following
                  | spells available to memorise: Poisonous Vapours, Spider
                  | Form.
     0 | D:1      | Reached XP level 1. HP: 15/15 MP: 2/2
    52 | D:1      | Reached XP level 2. HP: 21/21 MP: 3/3
   423 | D:1      | Reached skill level 2 in Ranged Weapons
   430 | D:1      | Reached XP level 3. HP: 19/26 MP: 4/4
   675 | D:1      | Learned a level 2 spell: Poisonous Vapours
   912 | D:2      | Reached XP level 4. HP: 27/33 MP: 1/5
  1978 | D:3      | Found a sacrificial altar of Ru.
  1987 | D:3      | Reached skill level 2 in Fighting
  1987 | D:3      | Reached skill level 1 in Air Magic
  1987 | D:3      | Reached XP level 5. HP: 38/38 MP: 1/6
  2165 | D:3      | Found a faded altar of an unknown god.
  2176 | D:3      | Noticed Jessica
  2180 | D:3      | Killed Jessica
  2295 | D:3      | Reached skill level 3 in Ranged Weapons
  2340 | D:3      | Noticed Sigmund
  2361 | D:3      | Killed Sigmund
  2362 | D:3      | Reached skill level 3 in Stealth
  2362 | D:3      | Reached skill level 2 in Air Magic
  2362 | D:3      | Reached XP level 6. HP: 23/45 MP: 1/8
  2452 | D:3      | Found a runed translucent door.
  2452 | D:3      | Noticed baller8008's ghost (amateur DECj)
  2469 | D:3      | Noticed Robin
  2494 | D:3      | Killed Robin
  2714 | D:3      | Found Ostaigho's Magic Scroll Boutique.
  2717 | D:3      | Bought a scroll of identify for 24 gold pieces
  2717 | D:3      | Bought a scroll of identify for 24 gold pieces
  2717 | D:3      | Bought a scroll of noise for 12 gold pieces
  2847 | D:4      | Reached skill level 1 in Evocations
  2847 | D:4      | Reached XP level 7. HP: 35/50 MP: 9/9
  2919 | D:4      | HP: 3/45 [wight/+2 trident of flaming (3)]
  2919 | D:4      | Mangled by a wight

Vanquished Creatures
  Sigmund (D:3)
  A necrophage (D:4)
  Jessica (D:3)
  An orc wizard (D:3)
  Robin (D:3)
  3 adders
  2 dart slugs
  5 ball pythons
  2 endoplasms (D:1)
  4 giant cockroaches
  13 goblins
  7 hobgoblins
  7 jackals (D:1)
  A kobold (D:3)
  2 quokkas
  4 bats
  4 frilled lizards
  A quokka zombie (D:4)
  8 rats
68 creatures vanquished.

Vanquished Creatures (others)
  13 fungi (D:4)
  5 toadstools (D:1)
18 creatures vanquished.

Grand Total: 86 creatures vanquished

Table legend: (Time is in decaauts)
 A = Elapsed time spent in this place.
 B = Non-inter-level travel time spent in this place.
 C = Inter-level travel time spent in this place.
 D = Time resting spent in this place.
 E = Time spent auto-exploring this place.
 F = Levels seen in this place.
 G = Mean time per level.
                   A        B        C        D        E       F      G
               +--------+--------+--------+--------+--------+-----+--------+
         Total |   2989 |   2947 |     42 |      0 |   2406 |   4 |  747.2 |
       Dungeon |   2989 |   2947 |     42 |      0 |   2406 |   4 |  747.2 |
               +--------+--------+--------+--------+--------+-----+--------+

Top non-repeatable levels by time:
     D:3: 1322 daAuts
     D:1: 848 daAuts
     D:2: 720 daAuts
     D:4: 97 daAuts

Table legend:
 A = Non-vault XP
 B = Vault XP
 C = Vault XP percentage of total XP
 D = Non-vault monster count
 E = Vault monster count
 F = Vault count percentage of total count
                 A         B        C        D         E       F
            +---------+---------+-------+---------+---------+-------
      Total |     111 |     462 |  80.6 |      50 |      18 |  26.5
            +---------+---------+-------+---------+---------+-------
        D:1 |      56 |       0 |   0.0 |      30 |       0 |   0.0
        D:2 |      25 |      17 |  40.5 |       8 |       3 |  27.3
        D:3 |      30 |     348 |  92.1 |      12 |      13 |  52.0
        D:4 |       0 |      97 | 100.0 |       0 |       2 | 100.0
            +---------+---------+-------+---------+---------+-------
